[Event "26th Abu Dhabi Master 2019"]
[Site "Abu Dhabi"]
[Date "2019.08.03"]
[Round "3.35"]
[White "Costachi, Mihnea"]
[Black "Vantika Agrawal"]
[Result "1/2-1/2"]
[ECO "A49"]
[WhiteElo "2471"]
[BlackElo "2243"]
[Annotator "ChessBase"]
[PlyCount "41"]
[EventDate "2019.08.02"]
[EventType "swiss"]
[EventCountry "UAE"]
[SourceTitle "playchess.com"]
[Source "ChessBase"]
[SourceQuality "1"]
[TimeControl "5400+30"]

1. d4 Nf6 2. Nf3 g6 3. g3 Bg7 4. Bg2 O-O 5. O-O d6 6. b3 e5 7. dxe5 dxe5 8. Ba3 Qxd1 9. Rxd1 Re8 10. Nc3 e4 11. Nd4 a6 12. h3 h5 13. e3 b6 14. Bb2 Bb7 15. Nde2 Nc6 16. Nf4 Ne5 17. Ncd5 Nxd5 18. Nxd5 Nf3+ 19. Bxf3 Bxb2 20. Rab1 exf3 21. Rxb2 1/2-1/2

[Event "26th Abu Dhabi Master 2019"]
[Site "Abu Dhabi"]
[Date "2019.08.03"]
[Round "3.36"]
[White "Shyaamnikhil P"]
[Black "Ajay Krishna, S."]
[Result "1/2-1/2"]
[ECO "B90"]
[WhiteElo "2456"]
[BlackElo "2280"]
[Annotator "ChessBase"]
[PlyCount "140"]
[EventDate "2019.08.02"]
[EventType "swiss"]
[EventCountry "UAE"]
[SourceTitle "playchess.com"]
[Source "ChessBase"]
[SourceQuality "1"]
[TimeControl "5400+30"]

1. e4 c5 2. Nf3 d6 3. Nc3 a6 4. d4 cxd4 5. Nxd4 Nf6 6. h3 e5 7. Nb3 Be6 8. f4 Be7 9. f5 Bc8 10. g4 h6 11. a4 b6 12. Bg2 Bb7 13. Be3 Nbd7 14. Qe2 Rc8 15. Bf2 Rc7 16. h4 Qa8 17. Nd2 Qc8 18. Rh3 g6 19. O-O-O gxf5 20. gxf5 h5 21. Kb1 Ng4 22. Be1 Ndf6 23. Nf1 Bc6 24. Nd2 Rd7 25. Rd3 b5 26. axb5 axb5 27. Nd5 Bxd5 28. exd5 Rc7 29. Rb3 Rxc2 30. Qxb5+ Kf8 31. Qd3 Rc5 32. Rb6 Kg7 33. Rc6 Rxc6 34. dxc6 d5 35. Rc1 e4 36. Qc3 Qxf5 37. Nb3 Bd6 38. Nd4 Qg6 39. Bf1 Bf4 40. Rc2 Be5 41. Bg3 Bxg3 42. Qxg3 Ne8 43. c7 Nxc7 44. Qxc7 Qf6 45. Qa7 Qxf1+ 46. Ka2 Rh6 47. Nc6 Qf6 48. b4 Ne5 49. b5 Nc4 50. Rf2 Qg6 51. Qd4+ Kh7 52. Qxd5 Nd6 53. Nd8 e3 54. Rg2 Qf6 55. Nc6 Qe6 56. Qxe6 Rxe6 57. Nd4 Re4 58. Nf3 f6 59. b6 e2 60. Ne1 Re7 61. Kb3 Rb7 62. Rxe2 Rxb6+ 63. Kc3 Nf5 64. Rf2 Kg6 65. Ng2 Ra6 66. Nf4+ Kh6 67. Nd5 Nxh4 68. Rxf6+ Rxf6 69. Nxf6 Kg5 70. Nxh5 Kxh5 1/2-1/2

[Event "26th Abu Dhabi Master 2019"]
[Site "Abu Dhabi"]
[Date "2019.08.03"]
[Round "3.37"]
[White "Muradli, Mahammad"]
[Black "Tabada, Jobannie C."]
[Result "1-0"]
[ECO "E92"]
[WhiteElo "2454"]
[BlackElo "2216"]
[Annotator "ChessBase"]
[PlyCount "41"]
[EventDate "2019.08.02"]
[EventType "swiss"]
[EventCountry "UAE"]
[SourceTitle "playchess.com"]
[Source "ChessBase"]
[SourceQuality "1"]
[TimeControl "5400+30"]

1. d4 Nf6 2. c4 g6 3. Nc3 Bg7 4. e4 d6 5. Nf3 O-O 6. Be2 e5 7. Be3 Ng4 8. Bg5 f6 9. Bh4 g5 10. Bg3 Nc6 11. d5 Nd4 12. Nxd4 exd4 13. Qxd4 f5 14. Qd1 Bxc3+ 15. bxc3 Qf6 16. O-O Nh6 17. f4 fxe4 18. fxg5 Qxg5 19. Rxf8+ Kxf8 20. Qd4 Qe7 21. Qh8+ {[%emt 0:35:03] Qg5 Qd4 Nf7 Qxe4 Bf5 Qd4 Re8 Bf3 Qe3+ Bf2 Qxd4 Bxd4 b6} 1-0

[Event "26th Abu Dhabi Master 2019"]
[Site "Abu Dhabi"]
[Date "2019.08.03"]
[Round "3.38"]
[White "Lee, Jun Hyeok"]
[Black "Mrudul Dehankar"]
[Result "1-0"]
[ECO "A17"]
[WhiteElo "2383"]
[BlackElo "2074"]
[Annotator "NA"]
[PlyCount "69"]
[EventDate "2019.08.02"]
[EventType "swiss"]
[EventCountry "UAE"]
[SourceTitle "playchess.com"]
[Source "ChessBase"]
[SourceQuality "1"]
[TimeControl "5400+30"]

1. Nf3 Nf6 2. c4 e6 3. Nc3 Bb4 4. Qc2 O-O 5. a3 Bxc3 6. Qxc3 b6 7. b4 Bb7 8. Bb2 d6 9. e3 Nbd7 10. Be2 a5 11. O-O Qe7 12. d3 e5 13. Nd2 Rfe8 14. h3 Nf8 15. Rfe1 Ng6 16. Qc2 Nd7 17. d4 Nh4 18. d5 Qg5 19. g3 f5 20. Kh2 Ng6 21. f4 Qf6 22. e4 fxe4 23. Nxe4 Qf8 24. f5 Ne7 25. g4 h6 26. b5 Nf6 27. Rg1 Nxe4 28. Qxe4 Qf6 29. Raf1 Rf8 30. Bd3 Kf7 31. Bc1 Ke8 32. g5 hxg5 33. Bxg5 Qf7 34. f6 Ng8 35. Qh7 1-0

[Event "26th Abu Dhabi Master 2019"]
[Site "Abu Dhabi"]
[Date "2019.08.03"]
[Round "3.39"]
[White "Deshpande, Aniruddha"]
[Black "Aditya Mittal"]
[Result "1/2-1/2"]
[ECO "D30"]
[WhiteElo "2234"]
[BlackElo "2429"]
[Annotator "NA"]
[PlyCount "78"]
[EventDate "2019.08.02"]
[EventType "swiss"]
[EventCountry "UAE"]
[SourceTitle "playchess.com"]
[Source "ChessBase"]
[SourceQuality "1"]
[TimeControl "5400+30"]

1. d4 d5 2. c4 e6 3. Nf3 a6 4. cxd5 exd5 5. Nc3 Nf6 6. g3 Bd6 7. Bg2 c6 8. O-O O-O 9. Bf4 Re8 10. Qb3 Qe7 11. e3 Nbd7 12. Rac1 Nf8 13. Na4 Rb8 14. Nc5 Ng6 15. Bxd6 Qxd6 16. Nd3 Ne4 17. Qb4 Qxb4 18. Nxb4 Bf5 19. Rfd1 f6 20. Nd3 Nf8 21. Nh4 Be6 22. Nc5 Bg4 23. Bf3 Bxf3 24. Nxf3 g5 25. h4 h6 26. hxg5 hxg5 27. Nxe4 Rxe4 28. Kg2 Re7 29. Ne1 Rh7 30. Kf3 Ne6 31. Nd3 Kf7 32. Nc5 Nxc5 33. Rxc5 f5 34. a4 Rh2 35. Rf1 g4+ 36. Ke2 Ke6 37. b4 Ra8 38. Rb1 Kd6 39. Rc2 b6 1/2-1/2

[Event "26th Abu Dhabi Master 2019"]
[Site "Abu Dhabi"]
[Date "2019.08.03"]
[Round "3.40"]
[White "Eynullayev, Altay"]
[Black "Sammed Jaykumar, Shete"]
[Result "1-0"]
[ECO "E73"]
[WhiteElo "2188"]
[BlackElo "2416"]
[Annotator "ChessBase"]
[PlyCount "102"]
[EventDate "2019.08.02"]
[EventType "swiss"]
[EventCountry "UAE"]
[SourceTitle "playchess.com"]
[Source "ChessBase"]
[SourceQuality "1"]
[TimeControl "5400+30"]

1. d4 Nf6 2. c4 g6 3. Nc3 Bg7 4. e4 d6 5. Be2 Na6 6. Be3 O-O 7. Nf3 c5 8. d5 Nc7 9. O-O Rb8 10. h3 Bd7 11. a4 b6 12. Nd2 a6 13. f4 b5 14. e5 Nfe8 15. Nf3 bxc4 16. Ra2 Rb4 17. Nd2 e6 18. dxe6 Bxe6 19. Nde4 d5 20. Bxc5 Qb8 21. Ng5 Rxb2 22. Rxb2 Qxb2 23. Qd4 Bf5 24. g4 Bc2 25. Qd2 h6 26. Rb1 Qxc3 27. Qxc3 Bxb1 28. Nf3 Ne6 29. Bxf8 Bxf8 30. Qd2 Be4 31. Kh2 N8c7 32. Kg3 Nc5 33. Qa5 N7e6 34. Nd2 Nd4 35. Bd1 Bd3 36. Qc3 Nc6 37. Bf3 d4 38. Qa1 Nxe5 39. Qxd4 Nxf3 40. Kxf3 Nxa4 41. Nxc4 Bxc4 42. Qxc4 Nc5 43. Qa2 Bd6 44. Ke3 Kf8 45. Qd5 Ke7 46. f5 Nd7 47. Qa8 Nc5 48. Qh8 gxf5 49. gxf5 a5 50. Qxh6 Na6 51. Qg5+ Kd7 1-0

[Event "26th Abu Dhabi Master 2019"]
[Site "Abu Dhabi"]
[Date "2019.08.03"]
[Round "3.41"]
[White "Mahalakshmi, M."]
[Black "Sankalp Gupta"]
[Result "1/2-1/2"]
[ECO "E46"]
[WhiteElo "2173"]
[BlackElo "2416"]
[Annotator "NA"]
[PlyCount "55"]
[EventDate "2019.08.02"]
[EventType "swiss"]
[EventCountry "UAE"]
[SourceTitle "playchess.com"]
[Source "ChessBase"]
[SourceQuality "1"]
[TimeControl "5400+30"]

1. d4 Nf6 2. c4 e6 3. Nc3 Bb4 4. e3 O-O 5. Bd2 c5 6. a3 Bxc3 7. Bxc3 Ne4 8. Rc1 d6 9. Nf3 Qe7 10. Qc2 f5 11. dxc5 dxc5 12. Bd3 Nxc3 13. Qxc3 b6 14. O-O Bb7 15. Be2 Nd7 16. Ne5 Nf6 17. f3 Rad8 18. Rfd1 Nh5 19. Rxd8 Rxd8 20. Rd1 f4 21. Rxd8+ Qxd8 22. Qd3 Qxd3 23. Bxd3 fxe3 24. g3 Nf6 25. Kf1 Kf8 26. Ke2 Ke7 27. Kxe3 h6 28. Bc2 1/2-1/2

[Event "26th Abu Dhabi Master 2019"]
[Site "Abu Dhabi"]
[Date "2019.08.03"]
[Round "3.42"]
[White "Utsab Chatterjee"]
[Black "Ni, Shiqun"]
[Result "0-1"]
[ECO "B05"]
[WhiteElo "2150"]
[BlackElo "2407"]
[Annotator "NA"]
[PlyCount "88"]
[EventDate "2019.08.02"]
[EventType "swiss"]
[EventCountry "UAE"]
[SourceTitle "playchess.com"]
[Source "ChessBase"]
[SourceQuality "1"]
[TimeControl "5400+30"]

1. e4 Nf6 2. e5 Nd5 3. d4 d6 4. Nf3 Bg4 5. Be2 e6 6. c4 Nb6 7. exd6 cxd6 8. Be3 Be7 9. O-O O-O 10. Nc3 d5 11. b3 Nc6 12. c5 Nc8 13. a3 Bf6 14. b4 a6 15. Rb1 N8e7 16. h3 Bxf3 17. Bxf3 Nf5 18. Ne2 Qc7 19. Bg4 Nxe3 20. fxe3 Bg5 21. Qd3 Rad8 22. a4 Rfe8 23. b5 axb5 24. axb5 Na5 25. Kh1 Nc4 26. Nf4 Ra8 27. Bd1 Ra3 28. Rb3 Rea8 29. b6 Qd7 30. e4 Ra1 31. exd5 exd5 32. Kh2 g6 33. Rf2 Re8 34. Rb1 Rxb1 35. Qxb1 Re4 36. Ne2 Be3 37. Rf6 Qd8 38. Rf3 Nd2 39. Qd3 Nxf3+ 40. gxf3 Re6 41. Bb3 Qh4 42. Bxd5 Qf2+ 43. Kh1 Qf1+ 44. Kh2 Bg1+ 0-1

[Event "26th Abu Dhabi Master 2019"]
[Site "Abu Dhabi"]
[Date "2019.08.03"]
[Round "3.43"]
[White "Agmanov, Zhandos"]
[Black "Ashraf, Artin"]
[Result "1/2-1/2"]
[ECO "B13"]
[WhiteElo "2402"]
[BlackElo "2141"]
[Annotator "NA"]
[PlyCount "31"]
[EventDate "2019.08.02"]
[EventType "swiss"]
[EventCountry "UAE"]
[SourceTitle "playchess.com"]
[Source "ChessBase"]
[SourceQuality "1"]
[TimeControl "5400+30"]

1. e4 c6 2. d4 d5 3. exd5 cxd5 4. Bd3 Nf6 5. c3 Bg4 6. Qb3 Qc7 7. h3 Bh5 8. Ne2 e6 9. Bf4 Bd6 10. Bxd6 Qxd6 11. O-O Nc6 12. Re1 O-O 13. Ng3 Bg6 14. Bxg6 hxg6 15. Nd2 b5 16. a3 1/2-1/2

[Event "26th Abu Dhabi Master 2019"]
[Site "Abu Dhabi"]
[Date "2019.08.03"]
[Round "3.44"]
[White "Ilyasli, Ughur"]
[Black "Mendonca, Leon Luke"]
[Result "1-0"]
[ECO "B46"]
[WhiteElo "2104"]
[BlackElo "2401"]
[Annotator "ChessBase"]
[PlyCount "115"]
[EventDate "2019.08.02"]
[EventType "swiss"]
[EventCountry "UAE"]
[SourceTitle "playchess.com"]
[Source "ChessBase"]
[SourceQuality "1"]
[TimeControl "5400+30"]

1. e4 c5 2. Nf3 e6 3. d4 cxd4 4. Nxd4 Nc6 5. Nc3 a6 6. Be2 Nge7 7. Be3 Ng6 8. O-O Be7 9. Na4 O-O 10. Nxc6 bxc6 11. Bb6 Qe8 12. c4 d6 13. c5 d5 14. Qc2 a5 15. f4 Qd7 16. Rae1 Re8 17. Bd3 Ba6 18. Bxa6 Rxa6 19. f5 exf5 20. exf5 Nf8 21. Qd2 Raa8 22. b3 Qb7 23. Bxa5 Qb5 24. Bc3 Nd7 25. Rxe7 Rxe7 26. f6 gxf6 27. Rxf6 Qe2 28. Qxe2 Rxe2 29. Rxc6 Rxa2 30. Rd6 Nf8 31. c6 Ne6 32. Nb6 Rb8 33. Be5 Rxb6 34. c7 Rxd6 35. c8=Q+ Rd8 36. Qc3 Ra6 37. Bf6 Rda8 38. Qg3+ Kf8 39. Qh4 Kg8 40. Qg4+ Kf8 41. Qh5 Kg8 42. Qxd5 Rc8 43. h4 Rb6 44. Be5 Rd8 45. Qf3 Rb5 46. Qg3+ Kf8 47. Bd6+ Ke8 48. Ba3 Rf5 49. Qg8+ Kd7 50. Qxh7 Rf6 51. Bb2 Nf8 52. Qh5 Rc6 53. Qxf7+ Kc8 54. h5 Rc7 55. Qf5+ Kb7 56. h6 Rd2 57. Qf3+ Rc6 58. Qxf8 1-0

[Event "26th Abu Dhabi Master 2019"]
[Site "Abu Dhabi"]
[Date "2019.08.03"]
[Round "3.45"]
[White "Mahdian, Anousha"]
[Black "Soumya, Swaminathan"]
[Result "0-1"]
[ECO "A65"]
[WhiteElo "2118"]
[BlackElo "2402"]
[Annotator "NA"]
[PlyCount "76"]
[EventDate "2019.08.02"]
[EventType "swiss"]
[EventCountry "UAE"]
[SourceTitle "playchess.com"]
[Source "ChessBase"]
[SourceQuality "1"]
[TimeControl "5400+30"]

1. d4 Nf6 2. c4 c5 3. d5 e6 4. Nc3 exd5 5. cxd5 d6 6. e4 g6 7. f3 Bg7 8. Bg5 h6 9. Be3 O-O 10. Qd2 Re8 11. Nge2 Nbd7 12. a4 Ne5 13. Nc1 a6 14. Be2 h5 15. h3 Nh7 16. f4 Nd7 17. O-O Bxc3 18. bxc3 Rxe4 19. f5 Ne5 20. fxg6 fxg6 21. Bh6 Qe7 22. Qe1 Bd7 23. Qg3 h4 24. Qf2 Bxa4 25. c4 Bd7 26. Nb3 Nf7 27. Bd3 Nxh6 28. Bxe4 Qxe4 29. Rae1 Qxc4 30. Qb2 Re8 31. Qb1 Nf5 32. Rxe8+ Bxe8 33. Rxf5 gxf5 34. Qxf5 Qxb3 35. Qe6+ Bf7 36. Qc8+ Nf8 37. Qg4+ Ng6 38. Qc8+ Kg7 0-1

[Event "26th Abu Dhabi Master 2019"]
[Site "Abu Dhabi"]
[Date "2019.08.03"]
[Round "3.46"]
[White "Rakesh Kumar Jena"]
[Black "Vatsal Singhania"]
[Result "1-0"]
[ECO "A28"]
[WhiteElo "2395"]
[BlackElo "2213"]
[Annotator "NA"]
[PlyCount "53"]
[EventDate "2019.08.02"]
[EventType "swiss"]
[EventCountry "UAE"]
[SourceTitle "playchess.com"]
[Source "ChessBase"]
[SourceQuality "1"]
[TimeControl "5400+30"]

1. c4 e5 2. Nc3 Nc6 3. Nf3 Nf6 4. e4 d6 5. h3 g6 6. d3 Bg7 7. Be3 O-O 8. Qd2 Be6 9. O-O-O Nd7 10. d4 exd4 11. Nxd4 Nxd4 12. Bxd4 Bxd4 13. Qxd4 Qg5+ 14. Kb1 Qc5 15. Qd2 Bxc4 16. Bxc4 Qxc4 17. h4 Rae8 18. f3 Nf6 19. Rc1 Re5 20. Nd5 Rxd5 21. exd5 Qxd5 22. Rhd1 c6 23. Qb4 Qf5+ 24. Ka1 b6 25. Rxc6 Nd5 26. Qd4 Nf4 27. g4 1-0

[Event "26th Abu Dhabi Master 2019"]
[Site "Abu Dhabi"]
[Date "2019.08.03"]
[Round "3.48"]
[White "Manush Shah"]
[Black "Salonika, Saina"]
[Result "1/2-1/2"]
[ECO "A48"]
[WhiteElo "2373"]
[BlackElo "2127"]
[Annotator "NA"]
[PlyCount "73"]
[EventDate "2019.08.02"]
[EventType "swiss"]
[EventCountry "UAE"]
[SourceTitle "playchess.com"]
[Source "ChessBase"]
[SourceQuality "1"]
[TimeControl "5400+30"]

1. d4 Nf6 2. Nf3 g6 3. Nc3 d5 4. Bf4 Bg7 5. e3 O-O 6. Be2 c6 7. h4 Qa5 8. Nd2 h5 9. O-O Bf5 10. f3 Qb6 11. Nb3 Nbd7 12. g4 Be6 13. Rf2 Qd8 14. a4 Rc8 15. a5 a6 16. Na4 hxg4 17. Nac5 gxf3 18. Bxf3 Bf5 19. Nxb7 Qe8 20. N3c5 Ra8 21. Qe2 Ra7 22. Rg2 Qc8 23. Ra3 Rxb7 24. Nxb7 Qxb7 25. Rb3 Qa7 26. h5 Re8 27. hxg6 fxg6 28. Rh2 e5 29. dxe5 Nxe5 30. Rb6 Nfd7 31. Rb3 Bxc2 32. Ra3 Qb7 33. Bg4 Qxb2 34. Qxc2 Qxc2 35. Rxc2 Nxg4 36. Rxc6 d4 37. Rxg6 1/2-1/2

[Event "26th Abu Dhabi Master 2019"]
[Site "Abu Dhabi"]
[Date "2019.08.03"]
[Round "3.49"]
[White "Ammar, Sedrani"]
[Black "Rathanvel, V S"]
[Result "0-1"]
[ECO "A45"]
[WhiteElo "2024"]
[BlackElo "2367"]
[Annotator "NA"]
[PlyCount "80"]
[EventDate "2019.08.02"]
[EventType "swiss"]
[EventCountry "UAE"]
[SourceTitle "playchess.com"]
[Source "ChessBase"]
[SourceQuality "1"]
[TimeControl "5400+30"]

1. d4 Nf6 2. Bg5 e6 3. e3 c5 4. c3 cxd4 5. exd4 Be7 6. Bd3 b6 7. Nd2 Bb7 8. Ngf3 d6 9. O-O Nbd7 10. Re1 O-O 11. Qe2 a6 12. Rad1 Re8 13. Bb1 Qc7 14. Qd3 Bf8 15. Nf1 e5 16. dxe5 dxe5 17. Qe2 g6 18. Ng3 Bg7 19. h4 e4 20. Nd2 b5 21. Ndxe4 Nxe4 22. Bxe4 Nc5 23. Qc2 Nxe4 24. Nxe4 h6 25. Bc1 Qe7 26. f3 Qxh4 27. Qf2 Qh5 28. Nd6 Rxe1+ 29. Qxe1 Bc6 30. Qe7 Rf8 31. Re1 Qd5 32. a3 a5 33. Be3 Qb3 34. Re2 b4 35. axb4 axb4 36. cxb4 Qxb4 37. Nf5 Qc4 38. Nxh6+ Kh7 39. Kf2 Bxh6 40. Bxh6 Re8 0-1

[Event "26th Abu Dhabi Master 2019"]
[Site "Abu Dhabi"]
[Date "2019.08.03"]
[Round "3.50"]
[White "Divya Deshmukh"]
[Black "Tarini Goyal"]
[Result "1-0"]
[ECO "D37"]
[WhiteElo "2373"]
[BlackElo "2038"]
[Annotator "ChessBase"]
[PlyCount "149"]
[EventDate "2019.08.02"]
[EventType "swiss"]
[EventCountry "UAE"]
[SourceTitle "playchess.com"]
[Source "ChessBase"]
[SourceQuality "1"]
[TimeControl "5400+30"]

1. d4 d5 2. c4 e6 3. Nc3 Nf6 4. Nf3 Be7 5. g3 O-O 6. Bg2 dxc4 7. Ne5 c5 8. dxc5 Qxd1+ 9. Nxd1 Bxc5 10. Nc3 Nc6 11. Nxc4 Bd7 12. O-O Rfd8 13. Bg5 h6 14. Bf4 Ne8 15. Rad1 g5 16. Bc1 Kf8 17. a3 Be7 18. Rd3 Nf6 19. b3 Be8 20. Rfd1 Rxd3 21. Rxd3 Rd8 22. Rxd8 Nxd8 23. b4 Bc6 24. e4 b6 25. Be3 Nd7 26. f4 f6 27. Kf2 Nf7 28. Bh3 Nd8 29. Ke1 Ke8 30. Kd2 h5 31. Bf1 Nf7 32. Be2 g4 33. Kc2 Kd8 34. Nd2 Nd6 35. Bd3 Kc7 36. Nb3 e5 37. f5 Nf8 38. Nd2 Bd8 39. Kb3 Nd7 40. Nf1 Nf8 41. a4 Nh7 42. Bc1 Nf7 43. Bc4 Nhg5 44. Ne3 Kd6 45. Bxf7 Nxf7 46. Nc4+ Kd7 47. Be3 Nd6 48. Nd2 a5 49. b5 Bb7 50. Kc2 Kc7 51. Kd3 Kd7 52. Nd1 Kc7 53. Nb2 Kd7 54. Nbc4 Nc8 55. Nb3 Bc7 56. Ncxa5 Bxe4+ 57. Kxe4 bxa5 58. Nc5+ Kd6 59. Nb7+ Kd7 60. Nc5+ Kd6 61. Ne6 Bb6 62. Bd2 Kd7 63. Ng7 Nd6+ 64. Kd5 Bd8 65. Be3 Nc8 66. Nxh5 Ne7+ 67. Ke4 Nc8 68. Ng7 Nb6 69. Bxb6 Bxb6 70. Nh5 Ke7 71. Kd5 Bd4 72. Kc6 e4 73. Nf4 e3 74. b6 Be5 75. Nd5+ 1-0

[Event "26th Abu Dhabi Master 2019"]
[Site "Abu Dhabi"]
[Date "2019.08.03"]
[Round "3.52"]
[White "Kushagra Mohan"]
[Black "Nguyen, Anh Khoi"]
[Result "1-0"]
[ECO "B90"]
[WhiteElo "2250"]
[BlackElo "2516"]
[Annotator "ChessBase"]
[PlyCount "99"]
[EventDate "2019.08.02"]
[EventType "swiss"]
[EventCountry "UAE"]
[SourceTitle "playchess.com"]
[Source "ChessBase"]
[SourceQuality "1"]
[TimeControl "5400+30"]

1. e4 c5 2. Nf3 d6 3. d4 cxd4 4. Nxd4 Nf6 5. Nc3 a6 6. f3 e6 7. Be3 b5 8. Qd2 Nbd7 9. g4 h6 10. O-O-O b4 11. Nce2 Qc7 12. h4 d5 13. g5 hxg5 14. exd5 Nxd5 15. Bxg5 N7b6 16. Nf4 Bd6 17. Nxd5 Nxd5 18. Nf5 Be5 19. Ne3 Bb7 20. Nc4 Bf6 21. Bxf6 gxf6 22. Ne3 Qc5 23. Nxd5 Bxd5 24. Qd4 Rc8 25. Rh2 Qxd4 26. Rxd4 a5 27. f4 Ke7 28. b3 Rc5 29. h5 Rh6 30. Be2 e5 31. Rd3 Be4 32. Rd2 exf4 33. Rh4 f5 34. Rxf4 Kf6 35. Bd1 Ke5 36. Rf1 Rd5 37. Rxd5+ Bxd5 38. Kd2 f4 39. c4 Be4 40. Be2 f5 41. Ke1 Rh8 42. Kf2 Rg8 43. Rg1 Rxg1 44. Kxg1 Bb1 45. h6 Kf6 46. c5 Bxa2 47. Bc4 Bb1 48. c6 Be4 49. c7 Bb7 50. Be6 1-0

[Event "26th Abu Dhabi Master 2019"]
[Site "Abu Dhabi"]
[Date "2019.08.03"]
[Round "3.53"]
[White "Rajdeep Sarkar"]
[Black "Siva Mahadevan"]
[Result "0-1"]
[ECO "E15"]
[WhiteElo "2369"]
[BlackElo "2270"]
[Annotator "NA"]
[PlyCount "82"]
[EventDate "2019.08.02"]
[EventType "swiss"]
[EventCountry "UAE"]
[SourceTitle "playchess.com"]
[Source "ChessBase"]
[SourceQuality "1"]
[TimeControl "5400+30"]

1. d4 Nf6 2. Nf3 e6 3. c4 b6 4. g3 Ba6 5. b3 b5 6. cxb5 Bxb5 7. Bg2 Bc6 8. O-O a5 9. Nc3 Bb4 10. Bd2 Qc8 11. Ne5 Bxg2 12. Kxg2 O-O 13. Na4 d6 14. Nd3 Nc6 15. Be3 Ba3 16. f3 Nd5 17. Bf2 f5 18. e4 fxe4 19. fxe4 Nf6 20. Qe2 Qb7 21. Kg1 Nb4 22. Nxb4 Nxe4 23. d5 Qxb4 24. dxe6 Ng5 25. e7 Qb7 26. exf8=Q+ Rxf8 27. h4 Nf3+ 28. Qxf3 Qxf3 29. Rae1 d5 30. Re3 Qf5 31. Re2 Bd6 32. Rfe1 Qf3 33. Kh2 Bb4 34. Bc5 Bxe1 35. Rxe1 Rd8 36. Bd4 Qd3 37. Bf2 Rf8 38. Kg1 Qf3 39. Rf1 d4 40. Nb2 Qe2 41. Nc4 d3 0-1

[Event "26th Abu Dhabi Master 2019"]
[Site "Abu Dhabi"]
[Date "2019.08.03"]
[Round "3.54"]
[White "Asaka, Samuel"]
[Black "Kulkarni, Rakesh"]
[Result "0-1"]
[ECO "A43"]
[WhiteElo "2201"]
[BlackElo "2360"]
[Annotator "NA"]
[PlyCount "50"]
[EventDate "2019.08.02"]
[EventType "swiss"]
[EventCountry "UAE"]
[SourceTitle "playchess.com"]
[Source "ChessBase"]
[SourceQuality "1"]
[TimeControl "5400+30"]

1. d4 c5 2. d5 Nf6 3. Nc3 e5 4. e4 d6 5. Nf3 a6 6. a4 g6 7. Be2 Bg7 8. O-O O-O 9. Nd2 Nbd7 10. Nc4 Ne8 11. a5 f5 12. f4 exf4 13. Bxf4 Ne5 14. Nxe5 Bxe5 15. Bxe5 dxe5 16. exf5 gxf5 17. Qe1 Qe7 18. Na4 Bd7 19. Nb6 Rd8 20. Nc4 Bb5 21. Ne3 Nd6 22. c4 Bd7 23. Bd3 f4 24. Nd1 e4 25. b3 Qg7 0-1

[Event "26th Abu Dhabi Master 2019"]
[Site "Abu Dhabi"]
[Date "2019.08.03"]
[Round "3.55"]
[White "Ajay Karthikeyan"]
[Black "Dixit, Nikhil"]
[Result "0-1"]
[ECO "A45"]
[WhiteElo "2216"]
[BlackElo "2318"]
[Annotator "NA"]
[PlyCount "82"]
[EventDate "2019.08.02"]
[EventType "swiss"]
[EventCountry "UAE"]
[SourceTitle "playchess.com"]
[Source "ChessBase"]
[SourceQuality "1"]
[TimeControl "5400+30"]

1. d4 Nf6 2. Bf4 g6 3. Nc3 d5 4. e3 Bg7 5. h4 h6 6. Be2 c6 7. Nf3 b5 8. O-O O-O 9. Ne5 Nfd7 10. Nd3 a5 11. Bg3 h5 12. Bf3 Nf6 13. Re1 Bf5 14. Nc5 Na6 15. Nxa6 Rxa6 16. Be5 Ne4 17. Nxe4 dxe4 18. Bxg7 Kxg7 19. Be2 e6 20. a4 Qxh4 21. axb5 cxb5 22. Bxb5 Rb6 23. Rxa5 Rfb8 24. c4 Bg4 25. Re2 Bf3 26. gxf3 exf3 27. Rc2 Qg4+ 28. Kf1 h4 29. Ke1 h3 30. Kd2 h2 31. Ra1 e5 32. Kc3 Rh8 33. Qh1 exd4+ 34. Kb3 Qe6 35. Kb4 Qe4 36. Rd2 Rxb5+ 37. Kxb5 Rb8+ 38. Kc5 Rc8+ 39. Kb6 Qc6+ 40. Ka5 Ra8+ 41. Kb4 Qb6# 0-1

[Event "26th Abu Dhabi Master 2019"]
[Site "Abu Dhabi"]
[Date "2019.08.03"]
[Round "3.56"]
[White "Moksh Amit Doshi"]
[Black "Salem, Ghuloom"]
[Result "1-0"]
[ECO "A40"]
[WhiteElo "2229"]
[BlackElo "2205"]
[Annotator "NA"]
[PlyCount "87"]
[EventDate "2019.08.02"]
[EventType "swiss"]
[EventCountry "UAE"]
[SourceTitle "playchess.com"]
[Source "ChessBase"]
[SourceQuality "1"]
[TimeControl "5400+30"]

1. d4 c6 2. c4 d6 3. Nf3 Bg4 4. e4 Qc7 5. h3 Bh5 6. Nc3 Nd7 7. Be2 Ngf6 8. O-O e5 9. Be3 Be7 10. d5 Bg6 11. Nd2 O-O 12. b4 a5 13. a3 Ne8 14. Qb3 f5 15. exf5 Bxf5 16. c5 Kh8 17. Nde4 a4 18. Qa2 Bxe4 19. Nxe4 cxd5 20. Qxd5 Nef6 21. cxd6 Nxd5 22. dxc7 Nxc7 23. Rfd1 Rfd8 24. Rac1 Ne6 25. Rxd7 Rxd7 26. Bg4 Nd4 27. Bxd7 Ne2+ 28. Kf1 Nxc1 29. Bxc1 Kg8 30. Bb2 Kf7 31. Bxe5 Bf8 32. Nc3 Ke7 33. Bxa4 b5 34. Bxb5 Rxa3 35. Bc4 Kd7 36. b5 g5 37. Ke2 h6 38. Kd3 Bb4 39. Bd5 Bc5 40. Bd4 Kd6 41. Kc4 Bxd4 42. Kxd4 Ra1 43. b6 Rf1 44. Nb5+ {Kxd5+ Ke4+} 1-0

[Event "26th Abu Dhabi Master 2019"]
[Site "Abu Dhabi"]
[Date "2019.08.03"]
[Round "3.57"]
[White "Al Hosani, Omran"]
[Black "Zhang, Xiaowen"]
[Result "0-1"]
[ECO "D53"]
[WhiteElo "2135"]
[BlackElo "2318"]
[Annotator "NA"]
[PlyCount "84"]
[EventDate "2019.08.02"]
[EventType "swiss"]
[EventCountry "UAE"]
[SourceTitle "playchess.com"]
[Source "ChessBase"]
[SourceQuality "1"]
[TimeControl "5400+30"]

1. d4 Nf6 2. c4 e6 3. Nc3 d5 4. Bg5 Be7 5. e3 h6 6. Bh4 O-O 7. Qc2 Nbd7 8. cxd5 exd5 9. Bd3 c6 10. Nge2 Re8 11. O-O Nh5 12. Bxe7 Qxe7 13. Rab1 a5 14. a3 Nhf6 15. b4 Nb6 16. b5 c5 17. dxc5 Qxc5 18. Qb3 Ng4 19. Rbd1 Be6 20. Nf4 Qc7 21. g3 Qe5 22. Nxe6 fxe6 23. h3 Nf6 24. Na4 Nbd7 25. Rc1 Rac8 26. Rc2 Qh5 27. Kg2 Ne5 28. Be2 Qf5 29. Rfc1 Ne4 30. f3 Rxc2 31. Qxc2 Rf8 32. g4 Qf6 33. Qd1 Nxf3 34. Bxf3 Ng5 35. Bxd5 Qf2+ 36. Kh1 exd5 37. Qxd5+ Kh8 38. Qg2 Qxe3 39. Rf1 Rd8 40. Nb2 Ne4 41. Rf3 Qc1+ 42. Rf1 Ng3+ 0-1

[Event "26th Abu Dhabi Master 2019"]
[Site "Abu Dhabi"]
[Date "2019.08.03"]
[Round "3.58"]
[White "Srijit Paul"]
[Black "Priyanka, K."]
[Result "1-0"]
[ECO "B90"]
[WhiteElo "2298"]
[BlackElo "2201"]
[Annotator "NA"]
[PlyCount "52"]
[EventDate "2019.08.02"]
[EventType "swiss"]
[EventCountry "UAE"]
[SourceTitle "playchess.com"]
[Source "ChessBase"]
[SourceQuality "1"]
[TimeControl "5400+30"]

1. e4 c5 2. Nf3 d6 3. d4 cxd4 4. Nxd4 Nf6 5. Nc3 a6 6. h3 e5 7. Nde2 h5 8. g3 Be6 9. Bg2 Nbd7 10. a4 Be7 11. Rf1 Rc8 12. Be3 Nb6 13. b3 d5 14. Bxb6 Qxb6 15. Nxd5 Nxd5 16. exd5 Bd7 17. c4 f5 18. d6 Bf6 19. Nc3 e4 20. Nd5 Qxd6 21. Nxf6+ Qxf6 22. f3 f4 23. fxe4 Qb6 24. g4 {[%emt 0:00:00] fxg3 Qd5} Qe6 {[%emt 0:00:00] Qxb7} 25. g5 {[%emt 0:08:46] Qb4} Qe7 {[%emt 0:00:00] Qc3 Rg8 Qxg3} 26. h4 {[%emt 0:07:21] Qd3 g4 Bf3 gxh3 Qe3} Rc5 {[%emt 0:00:00] O-O-O Rg3 Qh6 Rcg5 Qxa6 Kd8 Qa8+ Kc7 Qa7+ Kc8 Bg4} 1-0